 Dungeon Crawl Stone Soup version 0.26.0-10-g1f06aea511 (webtiles) character file.

Game seed: 6133729808149250835

346 Borgoz the Skirmisher (level 6, 0/52 HPs)
             Began as a Ghoul Gladiator on Jan 18, 2021.
             Was a Follower of Okawaru.
             Slain by an orc
             ... wielding a +0 trident
              (3 damage)
             ... on level 4 of the Dungeon.
             The game lasted 00:03:50 (3601 turns).

Borgoz the Skirmisher (Ghoul Gladiator)             Turns: 3601, Time: 00:03:51

Health: 0/52       AC:  8    Str: 18    XL:     6   Next: 59%
Magic:  5/5        EV: 10    Int:  3    God:    Okawaru [*.....]
Gold:   123        SH:  5    Dex: 12    Spells: 5/5 levels left

rFire    . . .     SeeInvis .   a - +0 long sword
rCold    + . .     Faith    .   e - +2 buckler
rNeg     + + +     Spirit   .   k - +0 scale mail
rPois    ∞         Reflect  .   c - +0 helmet
rElec    .         Harm     .   (no cloak)
rCorr    .         Rampage  .   j - +0 pair of gloves
Will     .....                  (no boots)
Stlth    ..........             (no amulet)
HPRegen  0.00/turn              (no ring)
MPRegen  0.09/turn              (no ring)

@: no status effects
A: claws 1, cold resistance 1, negative energy resistance 3, inhibited
regeneration, torment resistance, unbreathing
a: Renounce Religion, Heroism


You were on level 4 of the Dungeon.
You worshipped Okawaru.
Okawaru was aware of your devotion.
You visited 1 branch of the dungeon, and saw 4 of its levels.

You collected 227 gold pieces.
You spent 104 gold pieces at shops.

Inventory:

Hand Weapons
 a - a +0 long sword (weapon)
Missiles
 d - 3 throwing nets (quivered)
Armour
 c - a +0 helmet (worn)
 e - a +2 buckler (worn)
 j - a +0 pair of gloves (worn)
 k - a +0 scale mail (worn)
Jewellery
 o - an uncursed amulet of faith {unknown}
Scrolls
 g - 2 scrolls of enchant armour
 i - 3 scrolls of remove curse
 n - a scroll of teleportation
Potions
 b - 2 potions of magic
 f - a potion of invisibility
 h - a potion of might
 l - a potion of curing


   Skills:
 + Level 4.1 Fighting
 + Level 4.0 Long Blades
 + Level 3.3 Throwing
 + Level 3.9 Dodging
 + Level 0.2 Invocations


You had 5 spell levels left.
You didn't know any spells.
Your spell library was empty.

Dungeon Overview and Level Annotations

Branches:
Dungeon (4/15)
 Temple: D:4-7

Altars:
Fedhas
Okawaru
Qazlal

Shops:
D:4 ?


Innate Abilities, Weirdness & Mutations

You thrive by killing the living.
You are immune to poison.
You have sharp fingernails.
Your flesh is cold resistant. (rC+)
You are immune to negative energy. (rN+++)
You do not regenerate when monsters are visible.
You are immune to unholy pain and torment.
You can survive without breathing.


Message History

The orc hits you with a +0 trident!
* * * LOW HITPOINT WARNING * * *
Items here: $ ) [ †.
You hit the orc but do no damage.
The orc is heavily wounded.
The orc hits you but does no damage.
You hit the orc.
The orc is severely wounded.
You block the orc's attack.
You closely miss the orc.
The orc is severely wounded.
The orc closely misses you.
Your scale mail prevents you from hitting the orc.
The orc is severely wounded.
The orc hits you with a +0 trident.
* * * LOW HITPOINT WARNING * * *
You barely miss the orc.
The orc is severely wounded.
The orc hits you with a +0 trident.
You die...

#.##..# #.##..# ###..#.
####.##..## ....#.
#....##.... .....
.###..(.... .... .#
#...#### #..# .###†.##
#..# # #.....# #####
#..##.# ##.#..#
##§§≈###@o...#
#.#..###§≈§≈.###)##.###
#.......§._≈.....[....#
###..##.^..#^.###)....#
#.)##..^.^..# .....#
#..##.......# .......
#..###.....## ......#
#..#


#PP.PP# ##.##.# #..# #.P_P.# .# .# You could see an orc.

Vanquished Creatures
  A howler monkey (D:4)
  2 hounds (D:4)
  An orc priest (D:4)
  3 worker ants (D:4)
  3 adders (D:2)
  A white imp (D:3)
  5 worms
  A dart slug (D:3)
  4 leopard geckos
  7 orcs
  4 giant cockroaches
  6 goblins
  9 hobgoblins
  7 jackals
  10 kobolds
  5 quokkas
  10 bats
  5 frilled lizards
  4 rats
88 creatures vanquished.

Vanquished Creatures (others)
  2 fungi (D:4)
2 creatures vanquished.

Grand Total: 90 creatures vanquished

Notes
Turn   | Place    | Note
-------+----------+-------------------------------------------
     0 | D:1      | Borgoz the Ghoul Gladiator began the quest for the Orb.
     0 | D:1      | Reached XP level 1. HP: 17/17 MP: 0/0
   278 | D:1      | Reached XP level 2. HP: 25/25 MP: 1/1
   968 | D:2      | Reached XP level 3. HP: 30/30 MP: 2/2
   984 | D:2      | Found an iron altar of Okawaru.
  1024 | D:2      | Became a worshipper of Warmaster Okawaru
  1168 | D:2      | Reached XP level 4. HP: 38/38 MP: 3/3
  2414 | D:3      | Reached XP level 5. HP: 33/45 MP: 4/4
  2921 | D:4      | Found Vejuwoc's Magic Scroll Shoppe.
  2928 | D:4      | Bought a scroll of identify for 26 gold pieces
  2928 | D:4      | Bought a scroll of identify for 26 gold pieces
  2928 | D:4      | Bought a scroll of identify for 26 gold pieces
  2928 | D:4      | Bought a scroll of identify for 26 gold pieces
  3408 | D:4      | Reached XP level 6. HP: 48/52 MP: 5/5
  3543 | D:4      | Found a stormy altar of Qazlal.
  3545 | D:4      | Found a blossoming altar of Fedhas.
  3595 | D:4      | Reached * piety under Okawaru
  3601 | D:4      | Slain by an orc

Illustrated notes

Levels and vault maps discovered:
D:1:      dpeg_arrival_tiny_i, layout_loops_ring
D:2:      layout_rooms, serial_corexii_hall, corexii_hall_statues_s,
          corexii_hall_statues_s, corexii_hall_statues_i, minmay_misc_feat_chi,
          okawaru_gym_becter
D:3:      layout_basic, kennysheep_nondescript, minmay_fractal_squares_gapless_5
D:4:      layout_loops_ring, grunt_temple_overflow_forces_of_nature,
          serial_shops, shop_statue

Skill      XL: |  1  2  3  4  5  6 |
---------------+-------------------+-----
Throwing       | 2 3 |  3.3
Dodging        | 3 |  3.9
Long Blades    | 3 4 |  4.0
Fighting       | 3 4 |  4.1
Invocations    | |  0.2

Action                   |  1- 3 |  4- 6 || total
-------------------------+-------+-------++-------
Melee: Long sword        |   104 |   209 ||   313
  Use: Scroll            |     5 |     6 ||    11
       Potion            |       |     3 ||     3
Armor: Leather armour    |    36 |       ||    36
       Scale mail        |    12 |    77 ||    89
Dodge: Dodged            |    88 |   127 ||   215
Block: Buckler           |    33 |    55 ||    88
       Rpst.: Long sword |    31 |    39 ||    70
